 Dungeon Crawl Stone Soup version 0.18-a0-884-gb6cfd45 (webtiles) character file.

93 filipzpl the Skirmisher (level 4, -4/30 HPs)
             Began as a Gargoyle Berserker on Dec 22, 2015.
             Was a Believer of Trog.
             Killed by divine providence
             ... invoked by an orc priest
              (13 damage)
             ... on level 3 of the Dungeon.
             The game lasted 00:11:03 (1426 turns).

filipzpl the Skirmisher (Gargoyle Berserker)        Turns: 1426, Time: 00:11:03

Health: -4/30      AC: 12    Str: 21    XL:     4   Next: 61%
Magic:  4/4        EV: 11    Int:  8    God:    Trog [**....]
Gold:   117        SH:  0    Dex:  9    Spells: 0 memorised, 3 levels left

rFire  . . .     SeeInvis .     a - +0 mace
rCold  . . .     Gourm    .     i - +0 ring mail
rNeg   + . .     Faith    .     (no shield)
rPois  ∞         Spirit   .     (no helmet)
rElec  +         Dismiss  .     e - +2 cloak
rCorr  .         Reflect  .     (no gloves)
SustAt .         Harm     .     (no boots)
MR     .....                    (no amulet)
Stlth  ..........               (no ring)
                                (no ring)

@: not resistant to hostile enchantments, extremely unstealthy
A: negative energy resistance 1, electricity resistance, unbreathing,
petrification resistance, rot immunity, AC +3
a: Berserk, Trog's Hand, Burn Spellbooks, Renounce Religion


You were on level 3 of the Dungeon.
You worshipped Trog.
Trog was pleased with you.
You were not hungry.

You visited 1 branch of the dungeon, and saw 3 of its levels.

You collected 117 gold pieces.

Inventory:

Hand Weapons
 a - a +0 mace (weapon)
Armour
 e - a +2 cloak (worn)
 i - a +0 ring mail (worn)
 m - a +0 robe
Scrolls
 b - a scroll of teleportation {unknown}
 g - a scroll of immolation
Potions
 d - a potion of might {unknown}
 f - a potion of curing
 h - 4 potions of brilliance
Comestibles
 c - a bread ration
 k - a slice of pizza


   Skills:
 * Level 4.4 Fighting
 * Level 3.9 Maces & Flails
 - Level 2.2 Armour
 - Level 2.1 Dodging
 - Level 0.2 Stealth


You had 3 spell levels left.
You didn't know any spells.

Dungeon Overview and Level Annotations

Branches:
Dungeon (3/15)

Altars:
Ashenzari
Xom


Innate Abilities, Weirdness & Mutations

You are resistant to torment.
Your stone body is resilient (AC +3).
You are immune to poison.
You resist negative energy.
You are resistant to electric shocks.
You can survive without breathing.
You are immune to petrification.
You are immune to rotting.


Message History

You hit the orc.
The orc is moderately wounded.
The orc barely misses you. The orc priest closely misses you.
You hit the orc but do no damage.
The orc is moderately wounded.
The orc barely misses you.
The orc priest hits you but does no damage.
You hit the orc but do no damage.
The orc is moderately wounded.
The orc closely misses you. The orc priest misses you.
You closely miss the orc.
The orc is moderately wounded.
The orc closely misses you.
The orc priest hits you but does no damage.
The orc closely misses you.
You barely miss the orc.
The orc is moderately wounded.
The orc priest calls down the wrath of Beogh upon you.
Something smites you!
You die...

.8.._...$....
.....)......
..._.......
.......... .........#
##.....).#
#...........#
#.........oo######..
......#####@........
....................
..................###
....................
..................###
##..(............
#..†.........##
####.#.#<.....#
##########
#.#.######.#


You could see an orc priest and an orc.

Vanquished Creatures
  4 adders
  2 oozes (D:2)
  An adder zombie (D:3)
  2 orcs (D:3)
  5 bats
  A giant cockroach (D:1)
  5 hobgoblins
  3 jackals (D:2)
  2 giant geckos
  A giant newt (D:2)
  4 goblins
  7 kobolds
  6 rats
43 creatures vanquished.

Vanquished Creatures (others)
  A giant newt (D:1)
1 creature vanquished.

Grand Total: 44 creatures vanquished

Notes
Turn   | Place    | Note
--------------------------------------------------------------
     0 | D:1      | filipzpl the Gargoyle Berserker began the quest for the Orb.
     0 | D:1      | Reached XP level 1. HP: 14/14 MP: 1/1
   112 | D:1      | Reached XP level 2. HP: 14/19 MP: 2/2
   496 | D:2      | Reached XP level 3. HP: 21/24 MP: 3/3
   619 | D:2      | Reached ** piety under Trog
   996 | D:2      | Reached skill level 4 in Fighting
  1235 | D:2      | Reached XP level 4. HP: 27/29 MP: 4/4
  1389 | D:3      | Found a shattered altar of Ashenzari.
  1391 | D:3      | Found a shimmering altar of Xom.
  1426 | D:3      | Killed from afar by an orc priest

Vault maps used:
D:1:      shiori_arrival_elements, serial_bayou_pond_e
D:2:      solitary_fountain
D:3:      grunt_temple_overflow_open

Action                   |  1- 3 |  4- 6 || total
-------------------------+-------+-------++-------
Melee: Mace              |   123 |    58 ||   181
  Use: Scroll            |     7 |       ||     7
       Potion            |     1 |       ||     1
 Stab: Sleeping          |     1 |       ||     1
  Eat: Meat ration       |     1 |       ||     1
